 Dungeon Crawl Stone Soup version 0.20-a0 (webtiles) character file.

649626 KristoblXynda the Impregnable (level 27, -6/228 HPs)
             Began as a Deep Dwarf Fighter on Oct 27, 2016.
             Was the Champion of Makhleb.
             Splashed by an acid blob's acid (14 damage)
             ... created by the Royal Jelly
             ... on level 5 of the Pits of Slime.
             The game lasted 03:55:50 (50826 turns).

KristoblXynda the Impregnable (Deep Dwarf Fighter) Turns: 50826, Time: 03:55:52

Health: -6/228     AC: 11    Str: 36    XL:     27
Magic:  30/30      EV: 21    Int: 18    God:    Makhleb [******]
Gold:   1926       SH: 26    Dex: 12    Spells: 1 memorised, 45 levels left

rFire  + + .     SeeInvis +     V - +6 broad axe "Guleiwud" {chop, rF+}
rCold  + . .     Gourm    .     c - +6 plate armour {rPois}
rNeg   + + +     Faith    .     M - +5 shield of the Red Skies {Str+4 SInv}
rPois  +         Spirit   .     (helmet restricted)
rElec  +         Reflect  +     p - +2 cloak {+Inv}
rCorr  .         Harm     .     z - +2 pair of gloves of the Tormentor {rElec rC+ MR-}
MR     +++..                    G - +1 pair of boots {Stlth+}
Stlth  ..........               u - +5 amulet of reflection
                                O - ring of Rapuost {Wiz rF+ Str+4 Dex+2 Stlth-}
                                U - ring of Cohein {+Fly rN++ Int+4 Dex-2 SInv}

@: corroded, slightlycontaminated, non-regenerating
A: damage resistance, recharge devices, horns 1, repulsion field 1, yellow
scales 1, deformed body, frail 1, low mp 2, negative energy resistance 1, sense
surroundings 3, screaming 1, slow regeneration 3, sturdy frame 1
a: Device Recharging, Minor Destruction, Lesser Servant of Makhleb, Major
Destruction, Greater Servant of Makhleb, Renounce Religion, Evoke Invisibility,
Evoke Flight
}: 3/15 runes: decaying, serpentine, silver


You were on level 5 of the Pits of Slime.
You worshipped Makhleb.
Makhleb was exalted by your worship.
You were not hungry.

You visited 12 branches of the dungeon, and saw 54 of its levels.
You visited 1 bazaar.
You also visited: Wizlab.

You collected 7588 gold pieces.
You spent 5662 gold pieces at shops.

Inventory:

Hand Weapons
 V - the +6 broad axe "Guleiwud" (weapon) {chop, rF+}
   (You took it off an ogre mage on level 5 of the Vaults)

   It inflicts extra damage upon your enemies.
   It protects you from fire.
Missiles
 H - a throwing net (quivered)
Armour
 a - the +0 pair of gloves of the Gusle {+Blink rC- Dex+3}
   (You acquired it on level 2 of the Orcish Mines)

   It affects your dexterity (+3).
   It makes you vulnerable to cold.
   It lets you blink.
 c - a +6 plate armour of poison resistance (worn)
 p - a +2 cloak of invisibility (worn)
 z - the +2 pair of gloves of the Tormentor (worn) {rElec rC+ MR-}
   (You found it on level 3 of the Depths)

   It protects you from cold.
   It insulates you from electricity.
   It affects your resistance to hostile enchantments.
 B - +2 gold dragon scales
 D - the +2 helmet "Oschesm" {rPois rF+ MR++ rCorr}
   (You found it on level 3 of the Vaults)

   It protects you from fire.
   It protects you from poison.
   It affects your resistance to hostile enchantments.
   It protects you from acid and corrosion.
 G - a +1 pair of boots of stealth (worn)
 M - the +5 shield of the Red Skies (worn) {Str+4 SInv}
   (You acquired it on level 2 of the Orcish Mines)

   It affects your strength (+4).
   It lets you see invisible.
Rods
 g - a +5 iron rod (10/10)
   (You found it on level 3 of the Crypt)
Jewellery
 u - a +5 amulet of reflection (around neck)
 O - the ring of Rapuost (right hand) {Wiz rF+ Str+4 Dex+2 Stlth-}
   (You found it on level 9 of the Dungeon)

   [ring of wizardry]

   It improves your spell success rate.
   It affects your strength (+4).
   It affects your dexterity (+2).
   It protects you from fire.
   It makes you less stealthy.
 U - the ring of Cohein (left hand) {+Fly rN++ Int+4 Dex-2 SInv}
   (You bought it in a shop on level 2 of the Depths)

   [ring of intelligence]

   It affects your intelligence (+4).
   It affects your dexterity (-2).
   It greatly protects you from negative energy.
   It lets you see invisible.
   It lets you fly.
Wands
 F - a wand of teleportation (3/9)
Scrolls
 b - 3 scrolls of recharging
 e - 3 scrolls of immolation
 r - 4 scrolls of blinking
 s - 3 scrolls of magic mapping
 A - 5 scrolls of teleportation
 K - 8 scrolls of remove curse
 T - 6 scrolls of identify
 W - a scroll of summoning
 X - 4 scrolls of amnesia
Potions
 d - a potion of ambrosia
 i - 13 potions of curing
 k - 7 potions of cancellation
 m - a potion of heal wounds
 n - 2 potions of resistance
 o - a potion of cure mutation
 v - 6 potions of haste
 w - 6 potions of flight
 L - 3 potions of magic
 P - 2 potions of might
 R - a potion of brilliance
Books
 l - a book of Callings

   Spells                             Type                      Level
   a - Summon Small Mammal            Summoning                    1
   b - Call Imp                       Summoning                    2
   c - Call Canine Familiar           Summoning                    3
   d - Summon Guardian Golem          Hexes/Summoning              3
   e - Summon Lightning Spire         Summoning/Air                4
   f - Summon Ice Beast               Ice/Summoning                4
 S - a book of Changes

   Spells                             Type                      Level
   a - Beastly Appendage              Transmutation                1
   b - Sticks to Snakes               Transmutation                2
   c - Spider Form                    Transmutation/Poison         3
   d - Ice Form                       Ice/Transmutation            4
   e - Blade Hands                    Transmutation                5
Miscellaneous
 t - 6 phantom mirrors
 C - a lamp of fire (inert)
 E - a fan of gales
 I - a phial of floods
 Y - a box of beasts
Comestibles
 f - 22 bread rations
 h - 14 meat rations


   Skills:
 - Level 16.4 Fighting
 + Level 22.0 Axes
 + Level 23.7 Armour
 + Level 18.3 Dodging
 - Level 6.2 Stealth
 - Level 16.1 Shields
 - Level 10.7 Spellcasting
 - Level 15.6 Charms
 - Level 6.4 Air Magic
 - Level 14.7 Invocations
 - Level 15.7 Evocations


You had 45 spell levels left.
You knew the following spells:

 Your Spells              Type           Power        Failure   Level  Hunger
a - Repel Missiles        Chrm/Air       #####.       1%          2    None


Dungeon Overview and Level Annotations

Branches:
Dungeon (15/15)            Temple (1/1) D:4            Lair (6/6) D:9
  Swamp (4/4) Lair:4        Snake (4/4) Lair:4        Slime (5/5) Lair:6
    Orc (2/2) D:12            Elf (3/3) Orc:2        Vaults (5/5) D:14
  Crypt (3/3) Vaults:3       Tomb (1/3) Crypt:3      Depths (5/5) D:15
    Zot (0/5) Depths:5

Altars:
Ashenzari
Cheibriados
Dithmenos
Elyvilon
Fedhas
Gozag
Hepliaklqana
Kikubaaqudgha
Makhleb
Nemelex Xobeh
Okawaru
Qazlal
Ru
Sif Muna
Trog
Uskayaw
Vehumet
Xom
Yredelemnul
Zin
The Shining One
Beogh
Jiyva

Shops:
D:7 !   D:15 *   Orc:1 }   Orc:2 !??}![   Elf:2 [   Elf:3 ?   Vaults:4 }*
Depths:1 [   Depths:2 **==

Portals:
Hell: Depths:1 Depths:2 Depths:3 Depths:4 Depths:5
Abyss: Depths:3 Depths:4
Pandemonium: Orc:2 Depths:3
Ziggurat: Depths:3
Trove: Depths:3 (give 8 scrolls of blinking)

Annotations:
Slime:5 Royal Jelly
Vaults:4 Mennas


Innate Abilities, Weirdness & Mutations

You are resistant to damage.
You can recharge devices by infusing magical energy.
You resist negative energy. (rN+)
You passively map a large area around you.
You do not regenerate.
You have a pair of small horns on your head.
You are surrounded by a mild repulsion field. (EV +2)
You are partially covered in yellow scales. (AC +2)
Armour fits poorly on your strangely shaped body.
You are frail. (-10% HP)
Your magical capacity is very low. (-20% MP)
You occasionally shout uncontrollably at your foes.
Your movements are slightly less encumbered by armour. (ER -2)


Message History

* * * LOW HITPOINT WARNING * * *
You are splashed with acid!
The acid burns!
* * * LOW HITPOINT WARNING * * *
The acid blob spits acid at you. The splash of acid hits you!
* * * LOW HITPOINT WARNING * * *
You are splashed with acid!
The acid burns!
* * * LOW HITPOINT WARNING * * *
You block the slime creature's attack.
Blink to where?
Press: ? - help, Dir - move target cursor You are lightly contaminated with residual magic.
As you read the scroll of blinking, it crumbles to dust.
The acid blob spits acid at you. The splash of acid hits you!
The acid corrodes you!
You are splashed with acid!
The acid burns!
* * * LOW HITPOINT WARNING * * *
The acid blob spits acid at you. The splash of acid hits you!
You are splashed with acid!
The acid burns!
You die...

,, < , ##............ ,
*#............. , ,
*#.#............. ,, ,
................,
**................ , *
................, , ,
................,,
........@.......
.........................
#........................ *
#........................
###....................... #
####......J..................
..###.#.....J....................
..........JJ.....................
.......<.J.......................


You could see 3 acid blobs and an azure jelly.

Vanquished Creatures
  An ancient lich (Crypt:2)
  3 juggernauts
  Sojobo (Crypt:1)
  Frederick (Depths:5)
  the Lernaean hydra (Swamp:4)
  Margery (Vaults:4)
  Xtahua (Depths:3)
  Nikola (Elf:3)
  Jory (Vaults:4)
  6 golden dragons
  A bone dragon (Depths:5)
  A shard shrike zombie (Crypt:2)
  5 tentacled monstrosities
  Rupert (D:14)
  5 deep elf blademasters
  A moon troll (WizLab)
  Asterion (Vaults:3)
  6 liches
  A quicksilver dragon (Depths:4)
  4 titans
  11 acid blobs
  4 tentacled starspawn (WizLab)
  3 ancient champions
  Frances (D:12)
  5 sphinxes
  10 tengu reavers
  2 thorn hunters (Swamp:2)
  2 storm dragons (Vaults:5)
  Agnes (Snake:2)
  Kirke (D:13)
  6 shadow dragons
  3 revenants (Crypt:3)
  A fire giant (shapeshifter) (Vaults:5)
  15 fire giants
  8 nagarajas
  Donald (Swamp:1)
  7 azure jellies
  10 frost giants
  6 deep elf sorcerers (Elf:3)
  A ghost moth (shapeshifter) (Vaults:5)
  A balrug (Depths:2)
  Louise (Snake:1)
  A draconian knight (Depths:5)
  A cacodemon (WizLab)
  2 iron dragons (Vaults:5)
  15 vault wardens
  Aizul (Elf:3)
  A large abomination (Elf:3)
  3 curse skulls
  8 deep elf elementalists
  A spriggan defender (Depths:4)
  13 ironheart preservers
  7 war gargoyles
  A juggernaut skeleton (Crypt:3)
  38 stone giants
  2 entropy weavers
  6 ghouls
  27 very ugly things
  A green draconian (Depths:5)
  13 vampire knights
  7 deep elf demonologists
  A black draconian (Depths:5)
  A purple draconian (Depths:5)
  13 deep elf annihilators
  The ghost of HumanBeing the Slicer, a journeyman HuBe of Trog (D:14)
  A red draconian (Depths:5)
  A lorocyproca (Depths:3)
  8 eidola
  8 spark wasps
  A spark wasp (shapeshifter) (Depths:4)
  10 ettins
  15 yaktaur captains
  9 deep elf death magi
  A death ooze (Slime:5)
  A crystal guardian (WizLab)
  A mummy priest (Crypt:3)
  14 fire dragons
  8 jiangshi
  17 ogre magi
  14 great orbs of eyes
  Josephine (D:10)
  8 deep elf high priests
  Fannar (D:12)
  22 naga warriors
  27 hydras
  8 ice dragons
  30 vault guards
  A monstrous demonspawn (Depths:3)
  7 rakshasas
  5 spriggan air magi
  16 centaur warriors
  7 anacondas
  The ghost of hairmachine the Cleaver, a novice HOAK of Lugonu (Lair:1)
  5 death knights
  A ghost crab (Swamp:4)
  A queen ant (shapeshifter) (Depths:3)
  31 dancing weapons
  11 deep troll earth magi
  7 tengu warriors
  9 vampire magi
  12 alligators
  6 orc high priests
  A death yak (Lair:4)
  2 hell hogs (shapeshifter) (Vaults:5)
  15 deep troll shamans
  5 spriggan berserkers
  10 naga sharpshooters
  5 shock serpents
  A spectral storm dragon (Crypt:3)
  Urug (Lair:4)
  A storm dragon zombie (Crypt:3)
  3 sun demons
  3 soul eaters
  7 hell knights
  19 deep elf knights
  A titan skeleton (Depths:2)
  A hellephant skeleton (Crypt:2)
  20 shadow wraiths
  2 sixfirhies
  A spark wasp zombie (Depths:2)
  A spectral emperor scorpion (Crypt:3)
  2 gelid demonspawn (Orc:2)
  10 iron trolls
  28 deep trolls
  15 skeletal warriors
  4 spriggan druids
  14 flayed ghosts
  3 unseen horrors
  11 swamp dragons
  8 glowing orange brains
  11 wizards
  5 naga ritualists (Snake:4)
  18 deep elf archers
  2 swamp dragons (shapeshifter)
  2 infernal demonspawn (Orc:2)
  19 phantasmal warriors
  18 hill giants
  An orange crystal statue (WizLab)
  2 hill giants (shapeshifter)
  4 harpies
  10 ironbrand convokers
  A spectral hydra (Crypt:3)
  A harpy (shapeshifter) (Depths:3)
  28 orc knights
  10 necromancers
  10 cyclopes
  62 deep elf magi
  6 mana vipers
  3 wolf spiders
  10 orc sorcerers
  4 shining eyes
  46 ugly things
  8 salamanders
  2 wolf spiders (shapeshifter) (Depths:4)
  A spectral shock serpent (Crypt:3)
  2 salamanders (shapeshifter)
  A manticore (D:15)
  A mana viper (shapeshifter) (Depths:2)
  3 stone giant zombies
  A frost giant skeleton (Vaults:5)
  6 elephants (Lair:4)
  Maurice (D:13)
  3 centaur zombies
  4 guardian serpents
  A rust devil (Orc:2)
  11 vault sentinels
  24 naga magi
  A black mamba (shapeshifter) (Depths:5)
  23 black mambas
  A torpor snail (Lair:4)
  5 eyes of devastation (WizLab)
  4 centaur skeletons
  An emperor scorpion zombie (Crypt:3)
  3 gargoyles
  A yaktaur zombie (Vaults:5)
  A rime drake (Lair:5)
  21 spiny frogs
  11 komodo dragons
  A komodo dragon (shapeshifter) (Vaults:3)
  A green draconian zombie (Crypt:2)
  13 freezing wraiths
  61 yaktaurs
  6 guardian mummies (Crypt:3)
  A redback zombie (Crypt:3)
  A grey draconian zombie (Crypt:2)
  A white draconian skeleton (Crypt:1)
  2 tengu conjurers
  3 kobold demonologists
  10 trolls
  A sea snake skeleton (Crypt:3)
  A meliai (shapeshifter) (Vaults:3)
  2 polar bears (Lair:6)
  A hornet (shapeshifter) (D:15)
  19 hornets
  A two-headed ogre (shapeshifter) (Depths:3)
  A spriggan skeleton (Depths:2)
  2 tyrant leeches
  2 wind drakes (shapeshifter) (Vaults:5)
  Prince Ribbit (D:7)
  95 slime creatures
  28 two-headed ogres
  17 blink frogs
  A tarantella zombie (Crypt:3)
  A frost giant simulacrum (Depths:2)
  6 hippogriffs
  4 bog bodies
  A harpy skeleton (D:15)
  5 dream sheep (Lair:6)
  Sigmund (D:5)
  13 air elementals
  A stone giant simulacrum (Vaults:2)
  23 spriggans
  3 redbacks (Vaults:2)
  5 starcursed masses (WizLab)
  2 human simulacra (Vaults:2)
  An ettin skeleton (Crypt:3)
  16 shadows
  16 yaks
  17 flying skulls
  A spriggan (shapeshifter) (Vaults:4)
  6 water elementals
  2 centaur simulacra (D:15)
  A ynoxinul (Orc:2)
  2 vampires
  3 hogs (D:13)
  16 humans (D:14)
  12 wraiths
  3 wyverns
  2 fire elementals
  A hog (shapeshifter) (Vaults:2)
  A tarantella (Vaults:2)
  4 golden eyes (WizLab)
  2 hill giant zombies (D:12)
  3 basilisks
  A tyrant leech zombie (Crypt:3)
  A human (shapeshifter) (D:14)
  5 hungry ghosts
  2 mottled dragons
  21 vampire mosquitoes
  A mottled dragon (shapeshifter) (Depths:3)
  A soldier ant (shapeshifter) (Depths:5)
  10 swamp worms
  A water nymph zombie (Crypt:2)
  A warg (shapeshifter) (Vaults:4)
  7 wargs
  3 insubstantial wisps (Swamp:1)
  35 nagas
  19 water moccasins
  A deep troll skeleton (Vaults:1)
  An infernal demonspawn skeleton (Crypt:3)
  A floating eye (Depths:4)
  A human skeleton (Depths:2)
  A spectral snapping turtle (Crypt:3)
  A floating eye (shapeshifter) (Vaults:5)
  13 porcupines
  A spiny frog skeleton (Crypt:3)
  4 sky beasts
  10 swamp drakes
  5 ice beasts
  44 orc warriors
  2 eyes of draining
  A black bear (shapeshifter) (Depths:3)
  5 black bears
  A necrophage (Crypt:3)
  An alligator simulacrum (Crypt:3)
  A ghost crab zombie (Crypt:1)
  2 phantoms
  82 ogres
  10 boggarts
  2 elf skeletons
  46 wolves
  A blink frog skeleton (Crypt:2)
  31 centaurs
  A human zombie (Vaults:5)
  A crocodile (shapeshifter) (Depths:3)
  A big kobold (D:7)
  9 crocodiles
  21 bullfrogs
  A glowing shapeshifter simulacrum (Vaults:2)
  2 wyvern zombies (D:13)
  2 deep troll simulacra
  2 wyvern skeletons
  5 scorpions
  32 killer bees
  3 howler monkeys
  6 crimson imps
  A bullfrog zombie (D:11)
  2 quasits
  7 hounds
  25 orc wizards
  30 orc priests
  5 jellies
  2 bullfrog skeletons
  A basilisk skeleton (Crypt:1)
  8 iguanas
  13 worker ants
  4 hell rats (Lair:1)
  4 polar bear simulacra (Lair:5)
  3 killer bee zombies
  3 wolf simulacra (Lair:5)
  2 yak simulacra (Lair:5)
  A crocodile zombie (Crypt:3)
  An ogre skeleton (Crypt:2)
  3 felid skeletons
  A hound zombie (Crypt:1)
  A hound skeleton (D:8)
  A mummy (Tomb:1)
  A worker ant zombie (D:6)
  Robin (D:4)
  3 gnolls (D:3)
  16 adders
  A howler monkey skeleton (Crypt:2)
  3 river rats
  5 shadow imps
  An ooze (D:2)
  A worm zombie (Crypt:1)
  2 adder skeletons
  2 adder zombies (D:6)
  A lava snake skeleton (Crypt:2)
  6 worms
  5 dart slugs
  5 leopard geckos
  116 orcs
  3 ball pythons
  4 giant cockroaches
  19 goblins
  6 hobgoblins
  13 jackals
  4 quokkas
  20 bats
  10 frilled lizards
  A jackal skeleton (Crypt:1)
  14 kobolds
  An orc skeleton (Crypt:2)
  35 rats
  2 river rat simulacra (Lair:5)
  2 fungi
  A plant (Lair:1)
  4 starspawn tentacles (WizLab)
  A toadstool (Swamp:2)
2576 creatures vanquished.

Vanquished Creatures (collateral kills)
  A phantasmal warrior (Vaults:5)
  A spiny frog (Swamp:3)
  A spriggan (shapeshifter) (Vaults:5)
3 creatures vanquished.

Vanquished Creatures (others)
  A storm dragon (Depths:4)
  A fire giant (Depths:5)
  A deep elf sorcerer (Vaults:5)
  A deep elf elementalist (Elf:3)
  A stone giant (Vaults:3)
  A spriggan defender (Depths:4)
  A deep elf demonologist (Elf:3)
  A deep elf death mage (Elf:3)
  A yaktaur captain (Depths:2)
  A hydra (Swamp:4)
  2 alligators (Swamp:4)
  An ogre mage (Vaults:4)
  3 deep elf knights
  5 deep elf archers
  2 deep elf magi
  2 spiny frogs (Swamp:4)
  3 yaktaurs
  A hornet (Depths:2)
  A human (D:13)
  2 swamp drakes (Swamp:4)
  An ogre (D:15)
  A boggart (Vaults:3)
  4 centaurs
  A briar patch (Swamp:2)
  A demonic plant (WizLab)
  6 fungi
  11 plants
  10 starspawn tentacles (WizLab)
  9 toadstools (Swamp:2)
76 creatures vanquished.

Grand Total: 2655 creatures vanquished

Notes
Turn   | Place    | Note
-------+----------+-------------------------------------------
     0 | D:1      | KristoblXynda the Deep Dwarf Fighter began the quest for the Orb.
     0 | D:1      | Reached XP level 1. HP: 20/20 MP: 1/1
    41 | D:1      | Reached XP level 2. HP: 27/27 MP: 2/2
   410 | D:1      | Reached XP level 3. HP: 30/34 MP: 3/3
  1182 | D:2      | Reached skill level 4 in Armour
  1349 | D:2      | Reached XP level 4. HP: 29/42 MP: 4/4
  1821 | D:3      | Found a stormy altar of Qazlal.
  2034 | D:3      | Reached XP level 5. HP: 34/49 MP: 5/5
  2105 | D:3      | Noticed a sky beast
  2110 | D:3      | Killed a sky beast
  2190 | D:3      | Reached XP level 6. HP: 36/57 MP: 6/6
  2622 | D:4      | Found a basalt altar of Yredelemnul.
  2752 | D:4      | Found a staircase to the Ecumenical Temple.
  2765 | Temple   | Entered the Ecumenical Temple
  2829 | Temple   | Became a worshipper of Makhleb the Destroyer
  2865 | D:4      | Reached skill level 5 in Armour
  3153 | D:4      | Noticed Robin
  3165 | D:4      | Killed Robin
  3344 | D:4      | Reached * piety under Makhleb
  3387 | D:4      | Found a white marble altar of Elyvilon.
  3482 | D:4      | Reached skill level 5 in Shields
  3482 | D:4      | Reached XP level 7. HP: 27/64 MP: 7/7
  3603 | D:5      | Entered Level 5 of the Dungeon
  3631 | D:5      | Found a sacrificial altar of Ru.
  3751 | D:5      | Found an opulent altar of Gozag.
  3943 | D:5      | Noticed Sigmund
  3946 | D:5      | Reached skill level 5 in Axes
  3971 | D:5      | Killed Sigmund
  4051 | D:5      | Found a radiant altar of Vehumet.
  4053 | D:5      | Found an ancient bone altar of Kikubaaqudgha.
  4054 | D:5      | Found a deep blue altar of Sif Muna.
  4072 | D:5      | Reached skill level 5 in Fighting
  4081 | D:5      | Identified Sif Muna's Collected Works on Transmigration
  4107 | D:5      | Reached skill level 6 in Armour
  4107 | D:5      | Reached XP level 8. HP: 31/74 MP: 8/8
  4300 | D:5      | Found a hazy altar of Hepliaklqana.
  4543 | D:5      | Found an iron altar of Okawaru.
  4923 | D:6      | Found a glowing silver altar of Zin.
  5003 | D:6      | Reached ** piety under Makhleb
  5013 | D:6      | Noticed a brown ugly thing
  5126 | D:7      | Found Qumeqa's Distillery.
  5140 | D:7      | Bought a potion of heal wounds for 60 gold pieces
  5167 | D:7      | Noticed a hornet
  5176 | D:7      | Paralysed by a hornet for 1 turns
  5179 | D:7      | Killed a hornet
  5179 | D:7      | Reached skill level 7 in Armour
  5382 | D:7      | Gained mutation: You passively map the area around you. [Deep Dwarf growth]
  5382 | D:7      | Reached XP level 9. HP: 49/81 MP: 9/9
  5679 | D:7      | Reached skill level 8 in Armour
  5685 | D:7      | Noticed Prince Ribbit
  5729 | D:7      | Reached *** piety under Makhleb
  5751 | D:7      | Killed Prince Ribbit
  6396 | D:6      | Reached skill level 9 in Armour
  6544 | D:7      | Bought a potion of curing for 36 gold pieces
  6544 | D:7      | Bought a potion of curing for 36 gold pieces
  6544 | D:7      | Bought 2 potions of agility for 96 gold pieces
  6934 | D:8      | Reached XP level 10. HP: 38/88 MP: 10/10
  6984 | D:9      | Got a flickering tin ring
  6991 | D:9      | Identified the ring of Rapuost {Wiz rF+ Str+4 Dex+2 Stlth-} (You found it on level 9 of the Dungeon)
  6997 | D:9      | You fall through a shaft!
  6997 | D:10     | Entered Level 10 of the Dungeon
  7041 | D:10     | Noticed a gargoyle
  7048 | D:9      | Found a hide-covered altar of Uskayaw.
  7067 | D:9      | Noticed a hand axe
  7068 | D:9      | Noticed an enchanted hand axe
  7372 | D:9      | Reached **** piety under Makhleb
  7658 | D:9      | Found a staircase to the Lair.
  7667 | Lair:1   | Entered Level 1 of the Lair of Beasts
  7769 | Lair:1   | Noticed hairmachine's ghost (novice HOAK)
  7797 | Lair:1   | Killed hairmachine's ghost
  7812 | Lair:1   | Reached ***** piety under Makhleb
  7879 | Lair:1   | Noticed a seven-headed hydra
  7894 | Lair:1   | Killed a one-headed hydra
  7894 | Lair:1   | Reached skill level 10 in Axes
  7894 | Lair:1   | Reached skill level 10 in Armour
  7894 | Lair:1   | Reached skill level 10 in Shields
  8029 | Lair:1   | Noticed a spiny frog
  8040 | Lair:1   | Killed a spiny frog
  8072 | Lair:1   | Reached XP level 11. HP: 53/99 MP: 11/11
  8467 | Lair:2   | Identified a scroll of acquirement
  8572 | Lair:2   | Noticed a four-headed hydra
  8581 | Lair:2   | Killed a one-headed hydra
  9140 | Lair:2   | Reached skill level 11 in Armour
  9284 | Lair:3   | Reached skill level 1 in Dodging
  9459 | Lair:3   | Found a glowing silver altar of Zin.
  9761 | Lair:3   | Noticed a five-headed hydra
  9774 | Lair:3   | Killed a one-headed hydra
 10028 | Lair:3   | Reached XP level 12. HP: 103/111 MP: 12/12
 10098 | Lair:3   | Noticed a four-headed hydra
 10109 | Lair:3   | Killed a one-headed hydra
 10287 | Lair:4   | Noticed a six-headed hydra
 10354 | Lair:4   | Killed a one-headed hydra
 10478 | Lair:4   | Found a staircase to the Swamp.
 10489 | Lair:4   | Reached skill level 12 in Armour
 10653 | Lair:4   | Found a staircase to the Snake Pit.
 10703 | Lair:4   | Noticed Urug
 10747 | Lair:4   | Killed Urug
 12154 | Lair:5   | Reached XP level 13. HP: 63/121 MP: 13/13
 12292 | Lair:5   | Reached ****** piety under Makhleb
 12374 | Lair:6   | Entered Level 6 of the Lair of Beasts
 12486 | Lair:6   | Found a viscous altar of Jiyva.
 12510 | Lair:6   | Found a staircase to the Slime Pits.
 12782 | Lair:6   | Paralysed by a hornet for 3 turns
 12832 | Lair:6   | Reached skill level 13 in Armour
 12948 | Lair:6   | Reached skill level 10 in Fighting
 13455 | Lair:6   | Paralysed by a hornet for 2 turns
 14330 | D:10     | Noticed Josephine
 14349 | D:10     | Killed Josephine
 14659 | D:11     | Found a basalt altar of Yredelemnul.
 14907 | D:11     | Gained mutation: You resist negative energy. (rN+) [Deep Dwarf growth]
 14907 | D:11     | Reached XP level 14. HP: 97/133 MP: 14/14
 15146 | D:11     | Gained mutation: You are weak. (Str -2) [a neqoxec]
 15238 | D:12     | Noticed Frances
 15269 | D:12     | HP: 6/133 [Frances/shard of ice (23)]
 15278 | D:12     | Killed Frances
 15527 | D:12     | Reached skill level 14 in Armour
 15678 | D:12     | Noticed a stone giant
 15731 | D:12     | Killed a stone giant
 15812 | D:12     | Got a fine rapier {speed}
 15827 | D:12     | Identified the cursed +0 rapier of the World {speed, rC+ Int+3 Dex+5} (You took it off an orc on level 12 of the Dungeon)
 15855 | D:12     | Got a scorched war axe
 15860 | D:12     | Identified the +7 war axe of the Secret Cities {chop, *Drain rElec rF+ rN+} (You found it on level 12 of the Dungeon)
 16001 | D:12     | Found a staircase to the Orcish Mines.
 16017 | D:12     | Noticed Fannar
 16034 | D:12     | Killed Fannar
 16584 | Orc:1    | Entered Level 1 of the Orcish Mines
 16593 | Orc:1    | Found Zoil Jel's Gadget Shop.
 16596 | Orc:1    | Bought a fan of gales for 440 gold pieces
 16600 | Orc:1    | Bought a wand of teleportation (5/9) for 297 gold pieces
 16862 | Orc:2    | Entered Level 2 of the Orcish Mines
 17305 | Orc:2    | Found a roughly hewn altar of Beogh.
 17494 | Orc:2    | Found Kebity's Distillery.
 17510 | Orc:2    | Bought a potion of curing for 54 gold pieces
 17510 | Orc:2    | Bought a potion of heal wounds for 90 gold pieces
 17510 | Orc:2    | Bought a potion of curing for 54 gold pieces
 17510 | Orc:2    | Bought a potion of curing for 54 gold pieces
 17510 | Orc:2    | Bought a potion of ambrosia for 144 gold pieces
 17510 | Orc:2    | Bought a potion of might for 72 gold pieces
 17516 | Orc:2    | Found a staircase to the Elven Halls.
 17526 | Orc:2    | Found Boghiurgh's Magic Scroll Boutique.
 17586 | Orc:2    | Found Iryopt's Magic Scroll Emporium.
 17591 | Orc:2    | Found Ocoul's Distillery.
 17610 | Orc:2    | Reached skill level 15 in Armour
 17610 | Orc:2    | Reached skill level 15 in Axes
 17656 | Orc:2    | Reached skill level 15 in Shields
 17693 | Orc:2    | Reached XP level 15. HP: 99/140 MP: 15/15
 17760 | Orc:2    | Found Evyjut's Antique Armour Boutique.
 17760 | Orc:2    | Found Extuaxaw's Gadget Shop.
 17779 | Orc:2    | Found a one-way gate leading to the halls of Pandemonium.
 17862 | Orc:2    | Bought a scroll of acquirement for 728 gold pieces
 17883 | Orc:2    | Bought a scroll of recharging for 152 gold pieces
 17888 | Orc:2    | Got a bloodstained shield
 17899 | Orc:2    | Identified the +5 shield of the Red Skies {Str+4 SInv} (You acquired it on level 2 of the Orcish Mines)
 18983 | D:13     | Noticed Kirke
 18985 | D:13     | Noticed Maurice
 19001 | D:13     | Killed Kirke
 19001 | D:13     | Reached skill level 5 in Dodging
 19008 | D:13     | Killed Maurice
 19278 | D:14     | Found a gate to the Vaults.
 19278 | D:14     | Noticed Rupert
 19543 | Snake:1  | Entered Level 1 of the Snake Pit
 19775 | Snake:1  | Noticed Louise
 19794 | Snake:1  | Killed Louise
 19794 | Snake:1  | Reached skill level 16 in Armour
 20458 | Snake:2  | Noticed a nagaraja
 20476 | Snake:2  | Killed a nagaraja
 20516 | Snake:2  | Noticed Agnes
 20528 | Snake:2  | Killed Agnes
 20528 | Snake:2  | Reached XP level 16. HP: 112/151 MP: 16/16
 21138 | Snake:3  | Identified Lujunekh's Grimoire of Air and Stones
 21426 | Snake:4  | Entered Level 4 of the Snake Pit
 21895 | Snake:4  | Reached skill level 17 in Armour
 22322 | Snake:4  | Reached XP level 17. HP: 162/162 MP: 17/17
 22566 | Snake:4  | Got a serpentine rune of Zot
 22819 | Swamp:1  | Entered Level 1 of the Swamp
 22895 | Swamp:1  | Reached skill level 10 in Dodging
 23334 | Swamp:1  | Noticed Donald
 23361 | Swamp:1  | Killed Donald
 24152 | Swamp:3  | Noticed Mara
 24186 | Swamp:3  | Noticed KristoblXynda's illusion
 24320 | Swamp:4  | Entered Level 4 of the Swamp
 24461 | Swamp:4  | Reached skill level 18 in Armour
 24630 | Swamp:4  | Noticed the 27-headed Lernaean hydra
 25016 | Swamp:4  | Killed the 26-headed Lernaean hydra
 25016 | Swamp:4  | Gained mutation: You passively map a large area around you. [Deep Dwarf growth]
 25016 | Swamp:4  | Reached XP level 18. HP: 129/174 MP: 18/18
 25048 | Swamp:4  | Got a decaying rune of Zot
 25581 | Elf:1    | Entered Level 1 of the Elven Halls
 25593 | Elf:1    | Gained mutation: Scrolls take you a little longer to read. [a neqoxec]
 25644 | Orc:2    | Bought a scroll of acquirement for 832 gold pieces
 25665 | Orc:2    | Bought a scroll of enchant armour for 105 gold pieces
 25719 | Orc:2    | Got a pair of translucent gloves
 25730 | Orc:2    | Identified the +0 pair of gloves of the Gusle {+Blink rC- Dex+3} (You acquired it on level 2 of the Orcish Mines)
 25813 | D:14     | Reached skill level 1 in Invocations
 25821 | D:14     | Killed Rupert
 26203 | D:14     | Noticed HumanBeing's ghost (journeyman HuBe)
 26213 | D:14     | Killed HumanBeing's ghost
 26585 | Vaults:1 | Entered Level 1 of the Vaults
 26872 | Vaults:1 | Reached skill level 5 in Invocations
 27124 | Vaults:1 | Reached skill level 19 in Armour
 28206 | Vaults:2 | Paralysed by a great orb of eyes for 2 turns
 28266 | Vaults:2 | Found a magical portal.
 28285 | WizLab   | Entered Lehudib's Moon Base
 28302 | WizLab   | Reached XP level 19. HP: 182/182 MP: 25/25
 28665 | WizLab   | Reached skill level 10 in Invocations
 28703 | WizLab   | Paralysed by a great orb of eyes for 2 turns
 28879 | WizLab   | Reached skill level 20 in Armour
 29334 | WizLab   | Got a slimy glass ring
 29342 | WizLab   | Got a slimy battleaxe
 29347 | WizLab   | Identified the ring "Ymiurgh" {Wiz +Blink} (You found it in a wizard's laboratory)
 29761 | Vaults:2 | Reached skill level 15 in Dodging
 30633 | Vaults:3 | Found a flickering gateway to a bazaar.
 30642 | Bazaar   | Entered a bazaar
 30642 | Bazaar   | Found Figair's Jewellery Shop.
 30642 | Bazaar   | Found Geloq's Magic Scroll Emporium.
 30642 | Bazaar   | Found Nuewusab's Antique Weapon Shop.
 30642 | Bazaar   | Found Bana's General Store.
 30700 | Bazaar   | Bought a +3 amulet of reflection for 350 gold pieces
 30710 | Bazaar   | Bought a scroll of identify for 26 gold pieces
 30714 | Bazaar   | Bought a scroll of identify for 16 gold pieces
 30714 | Bazaar   | Bought a scroll of identify for 16 gold pieces
 30714 | Bazaar   | Bought a scroll of identify for 16 gold pieces
 30714 | Bazaar   | Bought a scroll of enchant armour for 60 gold pieces
 30714 | Bazaar   | Bought a scroll of enchant armour for 60 gold pieces
 30729 | Bazaar   | Identified the +9 battleaxe of Hospitality {chop, Int+7 Stlth-} (You found it in a wizard's laboratory)
 30813 | Vaults:3 | Noticed Asterion
 30830 | Vaults:3 | Killed Asterion
 30856 | Vaults:3 | Got a spiked helmet
 30867 | Vaults:3 | Identified the +2 helmet "Oschesm" {rPois rF+ MR++ rCorr} (You found it on level 3 of the Vaults)
 31118 | Vaults:3 | Reached XP level 20. HP: 190/190 MP: 29/29
 31474 | Vaults:3 | Gained mutation: You are very weak. (Str -4) [mutagenic meat]
 31476 | Vaults:3 | Gained mutation: You occasionally shout uncontrollably at your foes. [mutagenic meat]
 31478 | Vaults:3 | Gained mutation: Your body sometimes deteriorates upon taking damage. [mutagenic meat]
 31479 | Vaults:3 | Lost mutation: You are very weak. (Str -4) [mutagenic meat]
 31480 | Vaults:3 | Gained mutation: You expend magic power (3 MP) to strengthen your wands. [mutagenic meat]
 31512 | Vaults:3 | Found a staircase to the Crypt.
 31652 | Vaults:3 | Reached skill level 21 in Armour
 32384 | Vaults:4 | Noticed Mennas
 32395 | Vaults:4 | Found Wufrannu's Gadget Shop.
 32537 | Vaults:4 | Noticed Jory
 32568 | Vaults:4 | Killed Jory
 32568 | Vaults:4 | Reached skill level 1 in Evocations
 32911 | Lair:1   | Lost mutation: You are weak. (Str -2) [potion of mutation]
 32911 | Lair:1   | Gained mutation: You are dopey. (Int -2) [potion of mutation]
 32911 | Lair:1   | Gained mutation: Your system is resistant to poisons. (rPois) [potion of mutation]
 32912 | Lair:1   | Gained mutation: Armour fits poorly on your strangely shaped body. [potion of mutation]
 32912 | Lair:1   | Gained mutation: You are partially covered in yellow scales. (AC +2) [potion of mutation]
 32913 | Lair:1   | Gained mutation: You are surrounded by a mild repulsion field. (EV +2) [potion of mutation]
 32914 | Lair:1   | Lost mutation: You are dopey. (Int -2) [potion of mutation]
 32914 | Lair:1   | Gained mutation: You are weak. (Str -2) [potion of mutation]
 32915 | Lair:1   | Gained mutation: Your body often deteriorates upon taking damage. [potion of mutation]
 32916 | Lair:1   | Lost mutation: Scrolls take you a little longer to read. [potion of cure mutation]
 32916 | Lair:1   | Lost mutation: You expend magic power (3 MP) to strengthen your wands. [potion of cure mutation]
 32916 | Lair:1   | Lost mutation: You are weak. (Str -2) [potion of cure mutation]
 32916 | Lair:1   | Lost mutation: Armour fits poorly on your strangely shaped body. [potion of cure mutation]
 32916 | Lair:1   | Lost mutation: Your body often deteriorates upon taking damage. [potion of cure mutation]
 32916 | Lair:1   | Lost mutation: You occasionally shout uncontrollably at your foes. [potion of cure mutation]
 32916 | Lair:1   | Lost mutation: Your body sometimes deteriorates upon taking damage. [potion of cure mutation]
 32925 | Lair:1   | Gained mutation: Your movements are slightly less encumbered by armour. (ER -2) [potion of beneficial mutation]
 33142 | Orc:2    | Bought a scroll of acquirement for 832 gold pieces
 33147 | Orc:2    | Got a distressingly furry chain mail
 33158 | Orc:2    | Identified the +0 chain mail "Wuobauv" {Dex+4 SInv} (You acquired it on level 2 of the Orcish Mines)
 33345 | Crypt:1  | Entered Level 1 of the Crypt
 33675 | Vaults:4 | Found Xasil's Assorted Antiques.
 33994 | Vaults:4 | Noticed Margery
 34008 | Vaults:4 | Reached XP level 21. HP: 198/198 MP: 32/32
 34021 | Vaults:4 | Killed Margery
 34094 | Vaults:5 | Entered Level 5 of the Vaults
 34099 | Vaults:5 | Noticed a golden dragon
 34103 | Vaults:5 | Reached skill level 5 in Evocations
 34130 | Vaults:5 | Killed a golden dragon
 34154 | Vaults:5 | Noticed a golden dragon
 34154 | Vaults:5 | an iron dragon changed into a golden dragon
 34165 | Vaults:5 | a golden dragon changed into a shadow dragon
 34204 | Vaults:5 | Noticed a golden dragon
 34214 | Vaults:5 | Killed a golden dragon
 34551 | Vaults:5 | Got a silver rune of Zot
 34608 | Vaults:5 | Reached skill level 15 in Fighting
 34866 | Vaults:5 | Noticed a golden dragon
 34882 | Vaults:5 | Killed a golden dragon
 34934 | Vaults:5 | Reached XP level 22. HP: 195/207 MP: 33/33
 35073 | Vaults:5 | Reached skill level 10 in Evocations
 35251 | Vaults:5 | Learned a level 2 spell: Repel Missiles
 35323 | Vaults:5 | Got a transparent broad axe {chop}
 35324 | Vaults:5 | Identified the +6 broad axe "Guleiwud" {chop, rF+} (You took it off an ogre mage on level 5 of the Vaults)
 35728 | Vaults:5 | Got an encrusted plate armour
 35739 | Vaults:5 | Identified the +1 plate armour "Cuikhulucs" {rC+} (You acquired it on level 5 of the Vaults)
 35763 | Vaults:5 | Noticed a golden dragon
 35773 | Vaults:5 | Killed a golden dragon
 36295 | Lair:1   | Identified a +5 rod of shadows (12/12) (You took it off a deep elf elementalist on level 5 of the Vaults)
 36833 | Elf:1    | Reached skill level 1 in Spellcasting
 37315 | Elf:2    | Found Legil's Armour Shoppe.
 37389 | Elf:2    | Bought a +1 cloak of invisibility for 264 gold pieces
 37630 | Elf:2    | Found a runed gate.
 37630 | Elf:2    | Found a runed gate.
 37631 | Elf:2    | Found a runed gate.
 38042 | Elf:3    | Entered Level 3 of the Elven Halls
 38078 | Elf:3    | Found Ziobbaydak's Magic Scroll Shop.
 38272 | Elf:3    | Reached XP level 23. HP: 222/222 MP: 34/34
 38285 | Elf:3    | Reached skill level 5 in Spellcasting
 38293 | Elf:3    | Reached skill level 1 in Charms
 38467 | Orc:2    | Bought a scroll of immolation for 49 gold pieces
 38619 | Elf:3    | Bought a scroll of immolation for 42 gold pieces
 38632 | Elf:3    | Noticed Aizul
 38645 | Elf:3    | Killed Aizul
 38872 | Elf:3    | Noticed Nikola
 38879 | Elf:3    | Lost mutation: Your system is resistant to poisons. (rPois) [a cacodemon]
 38893 | Elf:3    | Killed Nikola
 39065 | Elf:3    | Identified a +2 rod of shadows (12/12) (You found it on level 3 of the Elven Halls)
 39451 | D:15     | Entered Level 15 of the Dungeon
 39469 | D:15     | Found Nuthe's Assorted Antiques.
 39781 | D:15     | Reached skill level 15 in Evocations
 39791 | D:15     | Found a staircase to the Depths.
 39799 | D:15     | Reached skill level 5 in Charms
 40286 | Depths:1 | Entered Level 1 of the Depths
 40390 | Depths:1 | Found a gateway to Hell.
 40459 | Depths:1 | Found Lienid's Armour Shop.
 41246 | Depths:2 | Found Uhis Qol's Jewellery Shop.
 41246 | Depths:2 | Found Uxiphet's Assorted Antiques.
 41297 | Depths:2 | Reached skill level 1 in Air Magic
 41491 | Depths:2 | Found Nyzel's Assorted Antiques.
 41495 | Depths:2 | Bought a bronze wand for 76 gold pieces
 41621 | Depths:2 | Reached XP level 24. HP: 231/231 MP: 35/35
 41916 | Depths:2 | Found Zarghot's Jewellery Emporium.
 41922 | Depths:2 | Bought the ring of Cohein {+Fly rN++ Int+4 Dex-2 SInv} for 605 gold pieces
 42729 | Depths:3 | Found a one-way gate to the infinite horrors of the Abyss.
 42828 | Depths:3 | Found a portal to a secret trove of treasure.
 43038 | Depths:3 | Noticed Xtahua
 43055 | Depths:3 | Killed Xtahua
 43106 | Depths:3 | Reached skill level 5 in Air Magic
 43406 | Depths:3 | Noticed a juggernaut
 43420 | Depths:3 | Killed a juggernaut
 43443 | Depths:3 | Reached XP level 25. HP: 238/238 MP: 36/36
 43545 | Depths:3 | Found a gateway to a ziggurat.
 43554 | Depths:3 | Reached skill level 10 in Spellcasting
 43861 | Depths:3 | Got a pair of scorched gloves
 43872 | Depths:3 | Identified the +2 pair of gloves of the Tormentor {rElec rC+ MR-} (You found it on level 3 of the Depths)
 43986 | Depths:4 | Noticed a juggernaut
 44004 | Depths:4 | Killed a juggernaut
 44160 | Depths:4 | Found a shadowy altar of Dithmenos.
 44160 | Depths:4 | Found a deep blue altar of Sif Muna.
 44161 | Depths:4 | Found a sacrificial altar of Ru.
 44216 | Depths:4 | Reached skill level 10 in Charms
 44324 | Depths:4 | Noticed a juggernaut
 44340 | Depths:4 | Killed a juggernaut
 44421 | Depths:4 | Reached XP level 26. HP: 247/247 MP: 37/37
 44619 | Depths:4 | Paralysed by a floating eye for 2 turns
 44652 | Depths:4 | Identified a +2 rod of ignition (9/9) (You found it on level 4 of the Depths)
 45022 | Depths:4 | Reached skill level 22 in Armour
 45317 | Depths:5 | Entered Level 5 of the Depths
 45642 | Depths:5 | Noticed Frederick
 45658 | Depths:5 | Killed Frederick
 45707 | Depths:5 | Found a gate to the Realm of Zot.
 46704 | Crypt:1  | Noticed Sojobo
 46723 | Crypt:1  | Killed Sojobo
 46904 | Crypt:1  | Found a shimmering altar of Xom.
 47599 | Crypt:2  | Reached XP level 27. HP: 182/254 MP: 37/37
 47617 | Crypt:2  | Noticed an ancient lich
 47630 | Crypt:2  | Killed an ancient lich
 48543 | Crypt:3  | Entered Level 3 of the Crypt
 48608 | Crypt:3  | Reached skill level 23 in Armour
 48757 | Crypt:3  | Found a staircase to the Tomb.
 48921 | Crypt:3  | Gained mutation: Armour fits poorly on your strangely shaped body. [a cacodemon]
 48998 | Crypt:3  | Reached skill level 15 in Charms
 49071 | Crypt:3  | Found an ancient bone altar of Kikubaaqudgha.
 49151 | Crypt:3  | Got a translucent bone amulet
 49163 | Crypt:3  | Identified Urall's Volume of Mutagenic Companions
 49319 | Crypt:3  | Got a glittering ivory ring
 49319 | Crypt:3  | Got a vibrating jade ring
 49347 | Crypt:3  | Identified the amulet "Yxzodono" {rF- rC+++ Regen+ Stlth+} (You found it on level 3 of the Crypt)
 49348 | Crypt:3  | Identified the ring of Ephemeral Luck {rN+ Str-2 Int+5 Dex+6} (You found it on level 3 of the Crypt)
 49349 | Crypt:3  | Identified the ring of Gamaeloo {*Corrode rF+++ rN+ Dex+4} (You found it on level 3 of the Crypt)
 50040 | Tomb:1   | Entered Level 1 of the Tomb of the Ancients
 50524 | Slime:1  | Entered Level 1 of the Pits of Slime
 50535 | Slime:1  | Gained mutation: Your magical capacity is low. (-10% MP) [a shining eye]
 50543 | Slime:1  | Gained mutation: You occasionally shout uncontrollably at your foes. [a shining eye]
 50621 | Slime:4  | Gained mutation: Your magical capacity is very low. (-20% MP) [a shining eye]
 50623 | Slime:5  | Entered Level 5 of the Pits of Slime
 50698 | Slime:5  | Noticed the Royal Jelly
 50700 | Slime:5  | Found a viscous altar of Jiyva.
 50771 | Slime:4  | Gained mutation: You are frail. (-10% HP) [a shining eye]
 50773 | Slime:4  | Gained mutation: You have a pair of small horns on your head. [a shining eye]
 50823 | Slime:5  | HP: 10/228 [acid (9)]
 50826 | Slime:5  | Splashed by an acid blob's acid

Vault maps used:
D:1:      dpeg_arrival_radiant
D:2:      first_bread
D:3:      grunt_qazlal_sundering
D:4:      kennysheep_goblin_castle, elyvilon_altar_3, yredelemnul_altar_generic
D:5:      grunt_temple_overflow_magic_moments, old_standard_altar,
          old_standard_altar, lemuel_round_altar, lemuel_doored_altar,
          minmay_misc_feat_alley, uniq_sigmund
D:6:      minmay_cornered_nines, zin_statuary, minmay_liquid_box
D:7:      serial_shops, nicolae_shop_waterfront, the_bakery, uniq_prince_ribbit1
D:8:      hangedman_decor_points
D:9:      dancing_weapons_uskayaw, grunt_lair_entry_orc_guard_hut
D:10:     uniq_josephine
D:11:     basic_altar
D:12:     giant_chief_lemuel, orc_0_dummy, uniq_frances, uniq_fannar
D:13:     uniq_kirke, uniq_maurice
D:14:     david_vaults_3, lab_entry_generic
D:15:     grunt_enter_depths_magical_seal, serial_shops,
          nicolae_shop_behind_doors, bh_walls_and_bars
Temple:   jpeg_temple_island
Lair:1:   kennysheep_abandoned_house, beast_lair_carwin_5
Lair:2:   beast_lair_carwin_3
Lair:3:   lemuel_centaur_altar
Lair:4:   swamp_mist, minmay_snake_entry_six_corridors, uniq_urug
Lair:5:   minmay_lair_venomous_thicket, eino_house_with_fridge,
          grunt_megastairs_1, serial_bayou_shore_b
Lair:6:   minmay_lair_end_enchanted_forest, slime_altar_1
Swamp:1:  evilmike_swamp_ruin_house_6, uniq_donald
Swamp:2:  cheibrodos_swamp_tower_of_moss, nicolae_swamp_very_dense_foliage,
          swamp_pool1, nicolae_swamp_trees_clearing
Swamp:3:  evilmike_swamp_ruin_rubble_1, uniq_mara
Swamp:4:  swamp_old_school, infiniplex_staircase_pool
Snake:1:  uniq_louise
Snake:2:  grunt_megastairs_3, basic_stair_grate_trap, uniq_agnes
Snake:4:  snake_pit, nicolae_snake_serpentine_hallways
Slime:3:  nicolae_slime_barrier, cheibrodos_slime_lost_civilization_4
Orc:1:    serial_shops, nicolae_shop_crystal, guppyfry_orc_lava_fort
Orc:2:    pf_orc_diabolical, serial_shops, shop, shop, lemuel_statue_altar
Elf:1:    eino_elf_arrival_the_gate, minmay_elf_crystal_hexagon
Elf:2:    serial_shops, shop_fountains, st_stairs_3
Elf:3:    minmay_elf_hall_four_x, serial_shops, shop, uniq_nikola, uniq_aizul
Vaults:1: v_rooms_2, grunt_vaults_funnel, vaults_room_fours, v_misc_31,
          v_misc_17, nicolae_vaults_network_quinsquares, hangedman_vaults_pinch
Vaults:2: vaults_room_grid, v_misc_33, grunt_vaults_hallway_short,
          nicolae_vaults_little_squares_4, hangedman_vaults_trim,
          nicolae_vaults_branching_niches, v_misc_13, ontoclasm_vaults_hangar,
          v_misc_3, vaults_room_fours, ontoclasm_vaults_twist,
          hangedman_vaults_maws, mu_enter_wizlab_1
Vaults:3: hangedman_vaults_stream, nicolae_vaults_network_star,
          vaults_room_door_ring, ontoclasm_vaults_ligature,
          ontoclasm_vaults_pinch, nicolae_vaults_border_crossing,
          hangedman_vaults_hat, hangedman_vaults_locks,
          vaults_room_hangedman_quadrants, nicolae_vaults_little_squares_6,
          serial_shops, bzr_in_the_mist, uniq_asterion
Vaults:4: vaults_standard_mumra_lines, grunt_vaults_twisty,
          hangedman_vaults_stagger, v_pattern_5, hangedman_vaults_nails,
          v_misc_3, vaults_dpeg_spiral, nicolae_vaults_little_squares_3,
          nicolae_vaults_ring_of_whatevers, serial_shops,
          nicolae_shop_overgrown_old_shop, nicolae_shop_statue_plus, uniq_jory,
          uniq_margery, uniq_mennas
Crypt:1:  basic_altar, uniq_sojobo
Crypt:3:  church_of_pain_bobbens, tomb_entry_shell_bobbens
Depths:1: hell_entry, serial_shops, shop_fountains, kennysheep_generic_room_5,
          grunt_megastairs_4
Depths:2: hangedman_cross_veins, lightli_too_deep, minmay_misc_feat_ornament,
          serial_shops, kennysheep_little_box, shop, minmay_shoptagon,
          infiniplex_staircase_pillars_3a
Depths:3: minmay_split_circle, enter_ziggurat_e, rand_demon_pan_entry_3,
          nicolae_trove_entry_diagonal, abyss_entry, pf_hell_entry_tar_spiral,
          uniq_xtahua
Depths:4: hangedman_slaughterboxes, abyss_entry, hell_entry
Depths:5: evilmike_zot_entry_basic, grunt_hell_entry_dis_grunt,
          minmay_misc_feat_secret_circle, lemuel_old_faithful, uniq_frederick
Bazaar:   bazaar_minmay_generic_island
WizLab:   wizlab_lehudib

Skill      XL: |  1  2  3  4  5  6  7  8  9 10 11 12 13 14 15 16 17 18 19 20 21 22 23 24 25 26 27 |
---------------+----------------------------------------------------------------------------------+-----
Fighting       | 3 4 5 6 8 9 10 11 12 13 14 15 16 | 16.4
Axes           | 3 4 5 7 8 10 11 12 13 15 16 17 18 19 20 22 | 22.0
Armour         | 4 5 6 7 9 10 11 12 13 15 16 17 18 19 20 21 22 23 | 23.7
Shields        | 4 5 7 9 10 11 12 13 15 16 | 16.1
Dodging        | 2 3 7 9 12 14 15 17 18 | 18.3
Invocations    | 8 12 14 | 14.7
Evocations     | 4 9 13 15 | 15.7
Spellcasting   | 4 8 9 10 | 10.7
Charms         | 7 9 10 13 15 | 15.6
Air Magic      | 2 5 6 |  6.4
Stealth        | 6 |  6.2

Action                   |  1- 3 |  4- 6 |  7- 9 | 10-12 | 13-15 | 16-18 | 19-21 | 22-24 | 25-27 || total
-------------------------+-------+-------+-------+-------+-------+-------+-------+-------+-------++-------
Melee: War axe           |    95 |       |       |       |   740 |  1495 |  1482 |   147 |       ||  3959
       Hand axe          |    58 |   167 |   472 |  1082 |  1122 |       |       |       |       ||  2901
       Whip              |       |       |    19 |     8 |       |       |       |       |       ||    27
       Broad axe         |       |       |       |       |       |       |       |  1345 |  1729 ||  3074
       Headbutt          |       |       |       |       |       |       |       |       |    15 ||    15
Throw: Javelin           |       |       |       |       |     3 |     5 |       |       |       ||     8
 Cast: Repel Missiles    |       |       |       |       |       |       |       |     1 |     1 ||     2
Evoke: Wand              |       |     3 |     9 |     5 |     5 |     6 |     1 |       |       ||    29
       Phantom mirror    |       |       |       |       |       |     1 |       |       |     1 ||     2
       Fan of gales      |       |       |       |       |       |     1 |       |       |       ||     1
       Box of beasts     |       |       |       |       |       |       |       |     2 |       ||     2
       Lamp of fire      |       |       |       |       |       |       |       |     1 |     1 ||     2
  Use: Scroll            |       |    11 |    13 |    12 |    13 |    10 |    20 |    10 |     9 ||    98
       Potion            |       |     1 |     6 |     4 |     8 |    14 |    10 |     7 |     4 ||    54
 Stab: Distracted        |       |       |       |       |     1 |       |     1 |       |     1 ||     3
       Invisible         |       |       |       |       |       |     2 |       |       |    21 ||    23
  Eat: Chunk             |     1 |     5 |       |     6 |     7 |     6 |    10 |     7 |       ||    42
       Beef jerky        |       |     1 |     1 |     1 |     6 |     4 |       |     2 |     2 ||    17
       Meat ration       |       |       |     2 |     1 |     2 |     1 |     1 |     2 |     1 ||    10
       Fruit             |       |       |     2 |     1 |     4 |     3 |     2 |     7 |       ||    19
       Pizza             |       |       |     1 |     3 |     2 |     2 |       |     1 |     1 ||    10
       Bread ration      |       |       |     1 |       |       |       |     3 |     1 |     3 ||     8
       Royal jelly       |       |       |       |       |       |     1 |       |       |       ||     1
Armor: Scale mail        |    82 |    62 |   112 |       |       |       |       |       |       ||   256
       Chain mail        |       |       |    56 |    54 |       |       |       |       |       ||   110
       Skin              |       |       |     8 |       |       |       |       |       |       ||     8
       Plate armour      |       |       |       |   296 |   597 |   965 |   305 |   320 |   431 ||  2914
Dodge: Dodged            |    59 |    58 |   121 |   229 |   444 |  1074 |   635 |   713 |   668 ||  4001
       Deflected         |       |       |       |       |       |       |       |     2 |     3 ||     5
Block: Shield            |    97 |    83 |   258 |   677 |  1340 |  1705 |  1275 |  1712 |  1798 ||  8945
       Reflection        |       |       |       |       |       |       |    57 |   160 |    53 ||   270
